 Dungeon Crawl Stone Soup version 0.17-a0-1133-gfb1399f (webtiles) character file.

2125 InterDimensionalOwl the Cleaver (level 9, 0/70 HPs)
             Began as a Minotaur Fighter on May 25, 2015.
             Was a Believer of the Shining One.
             Succumbed to a kobold's poison
             ... on level 8 of the Dungeon.
             The game lasted 00:32:50 (5046 turns).

InterDimensionalOwl the Cleaver (Minotaur Fighter)  Turns: 5046, Time: 00:32:50

Health: 0/70       AC:  8    Str: 21    XL:     9   Next: 8%
Magic:  8/8        EV:  8    Int:  5    God:    the Shining One [**....]
Gold:   329        SH: 12    Dex: 18    Spells: 0 memorised, 8 levels left

rFire  . . .     SeeInvis +     F - +2 war axe (chop)
rCold  . . .     Clarity  .     i - +0 scale mail
rNeg   + . .     SustAt   .     c - +0 shield
rPois  .         Gourm    .     (helmet restricted)
rElec  .         Spirit   .     (no cloak)
rCorr  .         Warding  .     (no gloves)
rMut   .         Stasis   .     y - +0 pair of boots
MR     .....                    (no amulet)
Stlth  ..........               r - +5 ring of dexterity
                                G - ring of see invisible

@: lethally poisoned (0 -> -7), glowing, not resistant to hostile enchantments,
extremely unstealthy
A: retaliatory headbutt, horns 2
a: Divine Shield, Renounce Religion


You were on level 8 of the Dungeon.
You worshipped the Shining One.
The Shining One was pleased with you.
You were hungry.

You visited 1 branch of the dungeon, and saw 8 of its levels.

You collected 329 gold pieces.

Inventory:

Hand weapons
 a - a +1 war axe
 b - a +1 whip of venom
 f - a +1 whip of flaming
 F - a +2 war axe of chopping (weapon)
Missiles
 l - 110 stones
 q - 8 tomahawks (quivered)
Armour
 c - a +0 shield (worn)
 h - a +0 plate armour
 i - a +0 scale mail (worn)
 y - a +0 pair of boots (worn)
Jewellery
 r - a +5 ring of dexterity (right hand)
 u - an uncursed ring of protection from fire
 x - an uncursed ring of fire
 G - a ring of see invisible (left hand)
Magical devices
 z - a wand of disintegration (13)
 B - a wand of draining (9)
Scrolls
 g - a scroll of recharging
 k - 3 scrolls of identify
 n - 3 scrolls of teleportation
 p - 2 scrolls of enchant weapon
 s - 3 scrolls of remove curse
 H - a scroll of fear
Potions
 j - 3 potions of haste
 o - a potion of agility
 t - a potion of cure mutation
 A - 3 potions of lignification
 D - a potion of might
 I - 2 potions of mutation
Books
 w - a book of Callings

   Spells                             Type                      Level
   a - Summon Small Mammal            Summoning                    1
   b - Call Imp                       Summoning                    2
   c - Call Canine Familiar           Summoning                    3
   d - Summon Guardian Golem          Hexes/Summoning              3
   e - Summon Lightning Spire         Summoning/Air                4
   f - Summon Ice Beast               Ice/Summoning                4
 E - a book of Spatial Translocations

   Spells                             Type                      Level
   a - Apportation                    Translocation                1
   b - Blink                          Translocation                2
   c - Shroud of Golubria             Charms/Translocation         2
   d - Portal Projectile              Translocation                3
   e - Teleport Other                 Translocation                3
   f - Passage of Golubria            Translocation                4
Comestibles
 e - 3 bread rations
 m - 2 slices of pizza
 v - 4 meat rations
 C - a beef jerky


   Skills:
 - Level 3.6 Fighting
 + Level 11.1 Axes
 - Level 3.6 Armour
 + Level 9.8 Shields


You had 8 spell levels left.
You didn't know any spells.

Dungeon Overview and Level Annotations

Branches:
Dungeon (8/15)             Temple (0/1) D:4
   Lair: D:8-11

Altars:
Ashenzari
Elyvilon
Makhleb
Trog
Vehumet
The Shining One

Annotations:
D:7 exclusion: statue
D:8 Gastronok


Innate Abilities, Weirdness & Mutations

You reflexively headbutt those who attack you in melee.
You have a pair of horns on your head.


Message History

* * * LOW HITPOINT WARNING * * *
You feel sick.
Things that are here:
a mace; a plate armour
* * * LOW HITPOINT WARNING * * *
You feel sick.
There is an open door, spattered with blood here.
Things that are here:
a short sword; 3 stones
* * * LOW HITPOINT WARNING * * *
You feel sick.
* * * LOW HITPOINT WARNING * * *
You feel sick.
There is a lethal amount of poison in your body!
* * * LOW HITPOINT WARNING * * *
You feel sick.
You open the door.
* * * LOW HITPOINT WARNING * * *
You feel sick.
You die...

##### #...# ##...
... #.#######
.###+##@##....##
.'.......#.†#..+
.#.......)))(..#
##.###.##w##..#
#+###.##)##..##.
.............'.
.......w....##.
.##.....##..# #
#..##.##.....##'##


You could see Gastronok.

Vanquished Creatures
  Prince Ribbit (D:8)
  2 steam dragons (D:7)
  A hungry ghost (D:7)
  An ice beast (D:5)
  An ogre (D:7)
  A centaur (D:7)
  An orc warrior (D:8)
  A giant frog (D:7)
  2 scorpions (D:4)
  4 wights (D:4)
  3 crimson imps
  2 hounds
  An orc priest (D:3)
  5 orc wizards
  A giant frog skeleton (D:5)
  2 worker ants
  A quasit (D:8)
  5 iguanas
  A hound skeleton (D:8)
  9 adders
  4 gnolls (D:2)
  A shadow imp (D:7)
  An ooze (D:1)
  3 worms
  2 giant geckos
  31 orcs
  10 bats
  2 giant cockroaches
  14 hobgoblins
  15 jackals
  8 kobolds
  3 quokkas
  9 giant newts
  11 goblins
  21 rats
  A fungus (D:7)
181 creatures vanquished.

Notes
Turn   | Place    | Note
--------------------------------------------------------------
     0 | D:1      | InterDimensionalOwl the Minotaur Fighter began the quest for the Orb.
     0 | D:1      | Reached XP level 1. HP: 19/19 MP: 0/0
   207 | D:1      | Reached XP level 2. HP: 26/26 MP: 1/1
   518 | D:1      | Reached skill level 4 in Axes
   809 | D:2      | Reached XP level 3. HP: 19/31 MP: 2/2
   817 | D:2      | HP: 1/31 [gnoll/halberd (11)]
   822 | D:2      | Reached skill level 5 in Axes
  1072 | D:2      | Reached XP level 4. HP: 33/39 MP: 3/3
  1126 | D:2      | Found a burning altar of Makhleb.
  1796 | D:2      | Reached skill level 6 in Axes
  1914 | D:3      | Reached XP level 5. HP: 43/45 MP: 4/4
  2127 | D:3      | Reached skill level 7 in Axes
  2296 | D:3      | Found a glowing golden altar of the Shining One.
  2311 | D:3      | Became a worshipper of the Shining One
  2384 | D:4      | Reached XP level 6. HP: 37/51 MP: 5/5
  2537 | D:4      | Reached skill level 5 in Shields
  2597 | D:4      | Reached skill level 8 in Axes
  2597 | D:4      | Reached XP level 7. HP: 46/57 MP: 6/6
  2857 | D:4      | Found a staircase to the Ecumenical Temple.
  2946 | D:5      | Entered Level 5 of the Dungeon
  3034 | D:5      | Found a white marble altar of Elyvilon.
  3317 | D:5      | Noticed a moth of wrath
  3317 | D:5      | Acquired the Shining One's first power
  3325 | D:5      | Found a bloodstained altar of Trog.
  3748 | D:5      | Reached skill level 9 in Axes
  3780 | D:6      | Found a shattered altar of Ashenzari.
  4390 | D:7      | Reached XP level 8. HP: 62/64 MP: 7/7
  4642 | D:7      | Reached skill level 10 in Axes
  4749 | D:7      | Found a radiant altar of Vehumet.
  5024 | D:8      | Noticed Prince Ribbit
  5024 | D:8      | Acquired the Shining One's second power
  5036 | D:8      | Killed Prince Ribbit
  5036 | D:8      | Reached skill level 11 in Axes
  5036 | D:8      | Reached XP level 9. HP: 13/70 MP: 8/8
  5037 | D:8      | Noticed Gastronok
  5042 | D:8      | HP: 3/70 [poisoned by a kobold]
  5045 | D:8      | HP: 1/70 [poisoned by a kobold]
  5046 | D:8      | Succumbed to a kobold's poison

Vault maps used:
D:1:      scummos_arrival_checkerplants, nrook_loot_triangle
D:2:      lemuel_doored_altar, kennysheep_boxes
D:3:      nicolae_overflow_crystal_walls, minivault_14, grunt_decor_fettered
D:4:      temple_pool_b, first_bread
D:5:      tgw_trog, elyvilon_altar_4
D:6:      ashenzari_altar_1
D:7:      kennysheep_steamy, vehumet_statue
D:8:      lair_0_dummy, uniq_prince_ribbit1, uniq_gastronok

Action                   |  1- 3 |  4- 6 |  7- 9 || total
-------------------------+-------+-------+-------++-------
Melee: War axe           |    58 |   164 |   180 ||   402
Throw: Stone             |     6 |    18 |     5 ||    29
       Tomahawk          |       |       |     8 ||     8
  Use: Scroll            |     4 |     5 |     9 ||    18
       Potion            |     1 |       |     1 ||     2
  Eat: Chunk             |       |     6 |     7 ||    13
